 Dungeon Crawl Stone Soup version 0.27-a0-1084-g78b3836a5f (webtiles) character file.

Game seed: 10394135332599464382

2895 snetch the Thaumaturge (level 9, -1/47 HPs)
             Began as a Deep Elf Conjurer on Apr 26, 2021.
             Was a Believer of Vehumet.
             Succumbed to an orc wizard's poison
             ... on level 9 of the Dungeon.
             The game lasted 00:29:52 (8682 turns).

snetch the Thaumaturge (Deep Elf Conjurer)          Turns: 8682, Time: 00:29:53

Health: -1/47      AC:  8    Str:  4    XL:     9   Next: 49%
Magic:  22/26      EV: 13    Int: 27    God:    Vehumet [**....]
Gold:   342        SH:  0    Dex: 16    Spells: 19/30 levels left

rFire    . . .     SeeInvis .   q - +0 quarterstaff
rCold    . . .     Faith    .   (shield currently unavailable)
rNeg     . . .     Spirit   .   K - +1 leather armour "Xogrooke" {Dex+3}
rPois    .         Reflect  .   B - +0 helmet
rElec    .         Harm     .   (no cloak)
rCorr    .         Rampage  .   R - +0 pair of gloves
Will     .....                  h - +0 pair of boots
Stlth    +++.......             T - amulet of magic regeneration
HPRegen  0.15/turn              (no ring)
MPRegen  0.45/turn              (no ring)

@: lethally poisoned (-1 -> -11)
A: no striking features
a: Renounce Religion


You were on level 9 of the Dungeon.
You worshipped Vehumet.
Vehumet was pleased with you.
You visited 2 branches of the dungeon, and saw 10 of its levels.
You also visited: Sewer.

You collected 342 gold pieces.

Inventory:

Hand Weapons
 q - a +0 quarterstaff (weapon)
 t - a +1 battleaxe of draining
 x - a +0 trident
 P - a +3 dagger of holy wrath
Missiles
 g - 188 stones
 k - 28 poisoned darts
 m - 55 bolts
 p - 79 arrows
 y - 3 boomerangs
 D - 62 sling bullets
 N - a throwing net
 S - a curare-tipped dart
Armour
 a - a +0 chain mail
 h - a +0 pair of boots (worn)
 n - a +0 scale mail
 r - a +0 ring mail
 B - a +0 helmet (worn)
 K - the +1 leather armour "Xogrooke" (worn) {Dex+3}
   (You found it on level 4 of the Dungeon)

   It affects your dexterity (+3).
 R - a +0 pair of gloves (worn)
Jewellery
 o - an amulet of regeneration
 J - an amulet of the acrobat
 T - an amulet of magic regeneration (around neck)
Wands
 e - a wand of paralysis (10)
Scrolls
 b - 2 scrolls of enchant weapon {unknown}
 c - 3 scrolls of amnesia {unknown}
 d - a scroll of summoning {unknown}
 i - 6 scrolls of identify {unknown}
 l - 8 scrolls of teleportation {unknown}
 s - a scroll of magic mapping {unknown}
 u - 3 scrolls of fog {unknown}
 w - 3 scrolls of noise {unknown}
 z - 2 scrolls of enchant armour {unknown}
 C - 2 scrolls of fear {unknown}
 F - 2 scrolls of blinking {unknown}
Potions
 f - a potion of brilliance {unknown}
 v - a potion of invisibility {unknown}
 A - 2 potions of haste {unknown}
 E - 4 potions of might {unknown}
 G - a potion of heal wounds {unknown}
 H - 3 potions of curing {unknown}
 I - a potion of magic {unknown}
 L - a potion of flight {unknown}
 M - a potion of resistance {unknown}
 O - a potion of ambrosia {unknown}
 Q - a potion of degeneration {unknown}
Miscellaneous
 j - a piece from Xom's chessboard (15/15)


   Skills:
 + Level 1.2 Fighting
 + Level 0.1 Staves
 + Level 4.0 Armour
 + Level 4.5 Dodging
 + Level 4.9 Stealth
 + Level 11.1 Spellcasting
 - Level 9.0 Conjurations
 + Level 1.2 Hexes


You had 19 spell levels left.
You knew the following spells:

 Your Spells              Type           Power      Damage    Failure   Level
a - Magic Dart            Conj           100%       1d8       1%          1
b - Searing Ray           Conj           100%       3d7       1%          2
c - Dazzling Flash        Conj/Hex       84%        N/A       2%          3
d - Fulminant Prism       Conj/Hex       21%        3d13      8%          4
e - Shock                 Conj/Air       100%       1d9       1%          1

Your spell library contained the following spells:

 Spells                   Type           Power      Damage    Failure   Level
 Animate Skeleton         Necr           30%        N/A       6%          1
 Pain                     Necr           60%        1d7       6%          1
 Iskenderun's Mystic Bla  Conj/Tloc      39%        2d9       10%         4
 Vampiric Draining        Necr           7%         2d7       19%         3
 Animate Dead             Necr           7%         N/A       54%         4
 Agony                    Necr           15%        N/A       87%         5


Dungeon Overview and Level Annotations

Branches:
Dungeon (9/15)             Temple (1/1) D:4           Sewer (visited)
   Lair: D:8-11         Orc: D:9-12

Altars:
Ashenzari
Cheibriados
Dithmenos
Elyvilon
Fedhas
Gozag
Makhleb
Nemelex Xobeh
Okawaru
Qazlal
Ru
Sif Muna
Trog
Uskayaw
Vehumet
Xom
Yredelemnul
Zin
The Shining One

Annotations:
D:4 lava
D:5 scrolls behind grate
D:6 elementals behind stone
D:7 4 runed translucent doors, bunch of animals


Message History

The puff of flame hits you!
* * * LOW HITPOINT WARNING * * *
Something tries to affect you, but you resist.
You start resting.
An orc wizard is nearby!
Casting: Searing Ray (safe; 1% risk of failure)
Confirm with . or Enter, or press ? or * to list all spells.
Aiming: Searing Ray (safe; 1% risk of failure)
Press: ? - help, Shift-Dir - straight line, f - orc wizard
Aim: an orc wizard, wielding a +0 dagger and wearing a +0 robe (79% to hit)
The searing ray hits the orc wizard!
The orc wizard is severely wounded. (Press . to maintain the ray.)
The orc wizard casts a spell at you. The puff of flame hits you.
* * * LOW HITPOINT WARNING * * *
The searing ray hits the orc wizard!
You kill the orc wizard!
Vehumet accepts your kill.
You feel your power returning.
You hear some strange, mumbled words.
Something tries to affect you, but you resist.
Unknown command.
Casting: Searing Ray (safe; 1% risk of failure)
Confirm with . or Enter, or press ? or * to list all spells.
You can't see any susceptible monsters within range! (Use Z to cast anyway.)
Casting: Searing Ray (safe; 1% risk of failure)
Confirm with . or Enter, or press ? or * to list all spells.
Aiming: Searing Ray (safe; 1% risk of failure)
Press: ? - help, Shift-Dir - straight line (Press . to maintain the ray.)
The searing ray hits something!
Something hits you.
* * * LOW HITPOINT WARNING * * *
You are lethally poisoned!
Unknown command.
The searing ray hits something!
Vehumet accepts your kill.
Reactivating autopickup.
You feel a bit more experienced.
You die...

#...........##....#
####.........o....##.
#.................
##########.#######
#......# #.####.# #.#
#.#######.#
#.)@......#
########.##


There were no monsters in sight!

Vanquished Creatures
  A two-headed ogre (D:9)
  2 water moccasins
  An ice beast (D:6)
  A sky beast (D:5)
  2 necrophages
  4 ogres
  A centaur (D:8)
  A kobold brigand (D:7)
  2 bullfrogs (D:7)
  A scorpion (D:5)
  A water moccasin zombie (D:5)
  A wyvern zombie (D:8)
  A water moccasin skeleton (D:6)
  3 wights (D:8)
  A bullfrog zombie (D:5)
  A centaur zombie (D:7)
  A gnoll shaman (D:7)
  3 jellies
  An orc priest (D:5)
  2 centaur skeletons
  A hound (D:6)
  Jessica (D:2)
  3 iguanas
  5 orc wizards
  Terence (D:2)
  3 gnolls (D:7)
  5 adders
  A shadow imp (D:5)
  2 white imps (D:7)
  An ufetubus (D:6)
  5 worms
  4 dart slugs
  14 orcs
  11 ball pythons
  12 endoplasms
  4 giant cockroaches
  6 goblins
  4 hobgoblins
  4 quokkas
  5 bats
  9 frilled lizards
  10 kobolds
  A quokka skeleton (D:4)
  4 rats
147 creatures vanquished.

Vanquished Creatures (others)
  A fulminant prism (D:6)
1 creature vanquished.

Grand Total: 148 creatures vanquished

Notes
Turn   | Place    | Note
-------+----------+-------------------------------------------
     0 | D:1      | snetch the Deep Elf Conjurer began the quest for the Orb.
     0 | D:1      | Reached XP level 1. HP: 10/10 MP: 6/6
   112 | D:1      | Found a faded altar of an unknown god.
   145 | D:1      | Reached XP level 2. HP: 15/15 MP: 0/8
   148 | D:1      | Learned a level 2 spell: Searing Ray
   309 | D:2      | Noticed Jessica
   310 | D:2      | Killed Jessica
   311 | D:2      | Reached skill level 5 in Conjurations
   311 | D:2      | Reached XP level 3. HP: 19/19 MP: 6/9
   484 | D:1      | You fall into a shaft and drop 1 floor!
   945 | D:2      | Noticed Terence
   949 | D:2      | Killed Terence
   950 | D:2      | Reached XP level 4. HP: 24/24 MP: 4/11
  1848 | D:3      | Noticed a water moccasin
  1854 | D:3      | Killed a water moccasin
  1855 | D:3      | Reached XP level 5. HP: 20/28 MP: 3/12
  1859 | D:3      | Learned a level 3 spell: Dazzling Flash
  2073 | D:3      | Reached skill level 4 in Spellcasting
  2099 | D:3      | Reached skill level 1 in Armour
  3440 | D:4      | Reached XP level 6. HP: 32/32 MP: 12/14
  3468 | D:4      | Found a staircase to the Ecumenical Temple.
  3479 | Temple   | Entered the Ecumenical Temple
  3488 | Temple   | Became a worshipper of Vehumet
  3707 | D:5      | Entered Level 5 of the Dungeon
  3707 | D:5      | Found a glowing drain.
  3766 | Sewer    | Entered a sewer
  4310 | D:4      | Identified the +1 leather armour "Xogrooke" {Dex+3}
  4341 | D:4      | Learned a level 4 spell: Fulminant Prism
  4485 | D:5      | Reached * piety under Vehumet
  4485 | D:5      | Offered knowledge of Sandblast by Vehumet.
  4688 | D:4      | Found a bloodstained altar of Trog.
  4901 | D:5      | Found a sacrificial altar of Ru.
  5012 | D:5      | Reached skill level 5 in Spellcasting
  5172 | D:6      | Noticed an ice beast
  5175 | D:6      | Killed an ice beast
  5176 | D:6      | Reached XP level 7. HP: 36/36 MP: 11/17
  5283 | D:5      | Found a glowing silver altar of Zin.
  5444 | D:5      | Reached skill level 6 in Spellcasting
  5517 | D:5      | Found a shimmering blue altar of Sif Muna.
  5869 | D:5      | Found a sparkling altar of Nemelex Xobeh.
  6088 | D:6      | Found a stormy altar of Qazlal.
  6090 | D:6      | Noticed a fire elemental
  6091 | D:6      | Noticed an air elemental
  6091 | D:6      | Noticed a water elemental
  6110 | D:6      | Reached XP level 8. HP: 42/42 MP: 9/20
  6115 | D:6      | Reached skill level 7 in Spellcasting
  6433 | D:6      | Reached skill level 1 in Hexes
  6560 | D:6      | Found a shimmering altar of Xom.
  7059 | D:6      | Reached skill level 8 in Spellcasting
  7346 | D:7      | Noticed a polar bear
  7347 | D:7      | Found a huge runed translucent gate.
  7347 | D:7      | Found a huge runed translucent gate.
  7347 | D:7      | Noticed a polar bear
  7347 | D:7      | Noticed a polar bear
  7348 | D:7      | Found a huge runed translucent gate.
  7348 | D:7      | Noticed a manticore
  7348 | D:7      | Noticed a polar bear
  7349 | D:7      | Found a huge runed translucent gate.
  7349 | D:7      | Noticed a polar bear
  7349 | D:7      | Noticed a polar bear
  7376 | D:7      | Reached skill level 9 in Spellcasting
  7923 | D:7      | Offered knowledge of Shock by Vehumet.
  7927 | D:7      | Reached ** piety under Vehumet
  7930 | D:7      | Learned a level 1 spell: Shock
  7977 | D:8      | Reached XP level 9. HP: 36/46 MP: 18/24
  8424 | D:8      | Reached skill level 10 in Spellcasting
  8524 | D:9      | Noticed a two-headed ogre
  8545 | D:9      | Killed a two-headed ogre
  8546 | D:9      | Reached skill level 1 in Fighting
  8546 | D:9      | Reached skill level 11 in Spellcasting
  8573 | D:9      | Noticed a two-headed ogre
  8681 | D:9      | HP: 2/47 [something (1)]
  8682 | D:9      | Succumbed to an orc wizard's poison

Illustrated notes

Levels and vault maps discovered:
D:1:      wander_arrival_fairy_ring, layout_rooms,
          shapermc_ecumenical_altar_venn, grunt_decor_arrowhead
D:2:      layout_loops_ring, uniq_jessica, uniq_terence
D:3:      layout_basic, minmay_fractal_squares_diagonal_5
D:4:      layout_loops_ring, lightli_temple_of_fire,
          minmay_temple_entry_glassed_door, grunt_ministairs_11
D:5:      layout_loops_ring, lemuel_coloured_pillars_altar,
          nicolae_ru_path_of_blood, nemelex_dance_club_becter, zin_scriptorium,
          portal_sewer_entry_f, hellmonk_bongcloud_opening
D:6:      layout_cave_pods, kennysheep_little_box,
          nicolae_qazlal_style_of_elements
D:7:      lemuel_bear_cage, layout_basic, grunt_decor_cap,
          hangedman_decor_riveting
D:8:      layout_loops_ring, nicolae_hepliaklqana_hippocampus, kennysheep_mini
D:9:      layout_loops_ring, david_lair_shrubbed, erik_orc_4, enter_bailey_4
Temple:   nicolae_temple_x_marks_the_god

Skill      XL: |  1  2  3  4  5  6  7  8  9 |
---------------+----------------------------+-----
Conjurations   | 5 6 7 8 9 |  9.0
Stealth        | 3 4 |  4.9
Spellcasting   | 4 5 6 9 11 | 11.1
Armour         | 1 2 3 4 |  4.0
Dodging        | 3 4 |  4.5
Hexes          | 1 |  1.2
Fighting       | 1 |  1.2
Staves         | |  0.1

Action                   |  1- 3 |  4- 6 |  7- 9 || total
-------------------------+-------+-------+-------++-------
Melee: Quarterstaff      |       |     5 |     7 ||    12
 Cast: Magic Dart        |    37 |   110 |    79 ||   226
       Searing Ray       |     3 |    21 |    31 ||    55
       Dazzling Flash    |       |     2 |     3 ||     5
       Fulminant Prism   |       |       |     1 ||     1
 Stab: Sleeping          |       |     1 |       ||     1
Armor: Robe              |     1 |       |       ||     1
       Leather armour    |       |    23 |    10 ||    33
Dodge: Dodged            |     4 |    30 |    34 ||    68

Table legend: (Time is in decaauts)
 A = Elapsed time spent in this place.
 B = Non-inter-level travel time spent in this place.
 C = Inter-level travel time spent in this place.
 D = Time resting spent in this place.
 E = Time spent auto-exploring this place.
 F = Levels seen in this place.
 G = Mean time per level.
                   A        B        C        D        E       F      G
               +--------+--------+--------+--------+--------+-----+--------+
         Total |   8777 |   8423 |    354 |    424 |   6344 |  11 |  797.9 |
       Dungeon |   8302 |   7955 |    347 |    424 |   6055 |   9 |  922.4 |
        Temple |     58 |     51 |      7 |      0 |     45 |   1 |   58.0 |
         Sewer |    415 |    415 |      0 |      0 |    244 |   1 |  415.0 |
               +--------+--------+--------+--------+--------+-----+--------+

Top non-repeatable levels by time:
     D:3: 1573 daAuts
     D:5: 1328 daAuts
     D:7: 1299 daAuts
     D:6: 1090 daAuts
     D:2: 1064 daAuts
     D:4: 965 daAuts
     D:1: 686 daAuts
   Sewer: 415 daAuts
     D:8: 186 daAuts
     D:9: 108 daAuts
  Temple: 58 daAuts
